 Dungeon Crawl Stone Soup version 0.15.0-27-gbdb0435 (console) character file.

155 gw the Ruffian (level 5, 0/53 HPs)
             Began as a Troll Monk on Sept 10, 2014.
             Slain by gw's ghost (7 damage)
             ... on Level 3 of the Dungeon.
             The game lasted 00:01:24 (2148 turns).

gw the Ruffian (Troll Monk)                         Turns: 2148, Time: 00:01:24

HP   0/53        AC  7     Str 19      XL: 5   Next: 14%
MP   2/2         EV 11     Int  6      God:
Gold 0           SH  0     Dex 13      Spells:  0 memorised,  4 levels left

rFire  . . .     SeeInvis .       - Unarmed
rCold  . . .     Clarity  .     a - +2 robe
rNeg   + . .     rCorr    .     (shield restricted)
rPois  .         rRot     .     (helmet restricted)
rElec  .         Spirit   .     (no cloak)
SustAb .         Warding  +     (gloves unavailable)
rMut   .         Rnd*Tele +     (boots unavailable)
Gourm  +                        i - amulet of warding
MR     +....                    m - ring of protection from magic
                                d - cursed ring of teleportation

@: somewhat resistant to hostile enchantments, very unstealthy
A: unfitting armour, claws 3, fast metabolism 3, gourmand, regeneration 2,
saprovore 2, shaggy fur 1, tough skin 2
a: Evoke Teleportation


You were on level 3 of the Dungeon.
You were full.

You visited 1 branch of the dungeon, and saw 3 of its levels.

Inventory:

Missiles
 h - 5 tomahawks (quivered)
 k - 90 stones
Armour
 a - a +2 robe (worn)
Comestibles
 b - 2 meat rations
 j - 2 bread rations
Scrolls
 e - 3 scrolls of identify
 f - a scroll of noise {unknown}
 g - a scroll of remove curse
 l - a scroll of fog {unknown}
Jewellery
 d - a cursed ring of teleportation (left claw)
 i - an amulet of warding (around neck)
 m - a ring of protection from magic (right claw)
Potions
 n - a potion of restore abilities {unknown}


   Skills:
 + Level 3.0 Fighting
 + Level 1.6 Throwing
 + Level 3.0 Dodging
 - Level 1.1 Stealth
 * Level 5.2 Unarmed Combat


You had 4 spell levels left.
You didn't know any spells.

Dungeon Overview and Level Annotations

Branches:
Dungeon (3/15)

Altars:

Annotations:
D:3 gw's ghost, average TrMo


Innate Abilities, Weirdness & Mutations

You are too large for most types of armour.
You have claws for hands.
Your metabolism is lightning-fast.
You like to eat raw meat.
You heal very quickly.
You can eat rotten meat.
You are covered in fur (AC +1).
You have very tough skin (AC +2).


Message History

FLEEEEING!
ATTACKING (0,-1)
You scratch gw's ghost but do no damage.
Gw's ghost is heavily damaged.
Gw's ghost hits you!
FLEEEEING!
ATTACKING (0,-1)
You closely miss gw's ghost.
Gw's ghost is heavily damaged.
FLEEEEING!
ATTACKING (0,-1)
You scratch gw's ghost.
Gw's ghost is heavily damaged.
Gw's ghost hits you.
FLEEEEING!
ATTACKING (0,-1)
You scratch gw's ghost but do no damage.
Gw's ghost is heavily damaged.
Gw's ghost hits you!
You die...

###.#######..#
#............#
#.#.########.#
#.### #.# #####
#.# ##>## #.#
8...8 #.#
#.....########W#
8.....8#......T#
##.....##########
#8...8# ...


You could see gw's ghost.

Table legend:
 A = Turns spent in this place as a percentage of turns spent in the entire game.
 B = Non-inter-level travel turns spent in this place as a percentage of non-inter-level travel turns spent in the entire game.
 C = Inter-level travel turns spent in this place as a percentage of turns spent in this place.
 D = Turns resting spent in this place as a percentage of non-inter-level travel turns spent in this place.
 E = Turns spent auto-exploring this place as a percentage of non-inter-level travel turns spent in this place.
 F = Non-inter-level travel turns spent in this place divided by the number of levels of this place that you've seen.
                   A       B       C       D       E      F
               +-------+-------+-------+-------+-------+----------------------
         Total | 100.0 | 100.0 |   3.3 |   1.5 |  10.9 | 262.3
       Dungeon | 100.0 | 100.0 |   3.3 |   1.5 |  10.9 | 262.3
               +-------+-------+-------+-------+-------+----------------------

Table legend:
 A = Kills in this place as a percentage of kills in entire the game.
 B = Kills by you in this place as a percentage of kills by you in the entire game.
 C = Kills by friends in this place as a percentage of kills by friends in the entire game.
 D = Other kills in this place as a percentage of other kills in the entire game.
 E = Experience gained in this place as a percentage of experience gained in the entire game.
 F = Experience gained in this place divided by the number of levels of this place that you have seen.
                   A       B       C       D       E      F
               +-------+-------+-------+-------+-------+----------------------
         Total | 100.0 | 100.0 |  -nan |  -nan | 100.0 |  74.0
       Dungeon | 100.0 | 100.0 |  -nan |  -nan | 100.0 |  74.0
               +-------+-------+-------+-------+-------+----------------------

Vanquished Creatures
  Sigmund (D:2)
  Terence (D:2)
  3 adders
  A giant mite (D:3)
  A worm (D:2)
  A giant gecko (D:1)
  A ball python (D:2)
  4 giant cockroaches
  5 hobgoblins
  4 kobolds
  2 bats (D:1)
  2 giant newts
  2 goblins
  3 rats
31 creatures vanquished.

Notes
Turn   | Place    | Note
--------------------------------------------------------------
     0 | D:1      | gw, the Troll Monk, began the quest for the Orb.
     0 | D:1      | Reached XP level 1. HP: 22/22 MP: 1/1
   393 | D:1      | Reached XP level 2. HP: 29/29 MP: 1/1
   693 | D:2      | Noticed Sigmund
   702 | D:2      | Killed Sigmund
   702 | D:2      | Reached skill level 1 in Throwing
   702 | D:2      | Reached XP level 3. HP: 26/36 MP: 2/2
   702 | D:2      | Reached XP level 4. HP: 31/44 MP: 2/2
   758 | D:2      | Reached skill level 5 in Unarmed Combat
  1472 | D:2      | Noticed Terence
  1482 | D:2      | Killed Terence
  1841 | D:3      | Reached XP level 5. HP: 45/53 MP: 2/2
  2077 | D:3      | Noticed gw's ghost (average TrMo)
  2148 | D:3      | Slain by gw's ghost

Action                   |  1- 3 |  4- 6 || total
-------------------------+-------+-------++-------
Melee: Unarmed           |    23 |    46 ||    69
Throw: Javelin           |    25 |    31 ||    56
       Stone             |       |    18 ||    18
       Tomahawk          |       |     2 ||     2
  Use: Scroll            |     5 |     2 ||     7
       Potion            |     2 |       ||     2
  Eat: Chunk             |     4 |    18 ||    22

Vault maps used:
D:1:      dpeg_arrival_shelter
D:2:      first_bread, uniq_terence, uniq_sigmund
D:3:      nicolae_overflow_hidden_temple, grunt_decor_mini_mirrors
